 Dungeon Crawl Stone Soup version 0.29-a0-284-gf9362112df (webtiles) character file.

Game seed: 3308713510683982303

188 sokol815 the Chiller (level 5, -6/38 HPs)
             Began as a Demigod Ice Elementalist on Mar 19, 2022.
             Mangled by an ogre
             ... wielding a +0 giant club
              (23 damage)
             ... on level 4 of the Dungeon.
             The game lasted 00:09:52 (4421 turns).

sokol815 the Chiller (Demigod Ice Elementalist)     Turns: 4421, Time: 00:09:52

Health: -6/38      AC:  3    Str: 15    XL:     5   Next: 16%
Magic:  6/10       EV: 12    Int: 21    God:
Gold:   110        SH:  0    Dex: 14    Spells: 3/7 levels left

rFire   . . .      SeeInvis .   g - +0 whip
rCold   . . .      Faith    .   (no shield)
rNeg    . . .      Spirit   .   a - +0 robe
rPois   .          Reflect  .   d - +0 helmet
rElec   .          Harm     .   (no cloak)
rCorr   .          Rampage  .   (no gloves)
Will    .....                   (no boots)
Stlth   ++........              (no amulet)
HPRegen 0.12/turn               b - +6 ring of strength
MPRegen 0.12/turn               k - ring of flight {+Fly, !d}

@: freezing walls, flying
A: high MP 1, forlorn, divine attributes
a: no special abilities


You were on level 4 of the Dungeon.
You visited 1 branch of the dungeon, and saw 4 of its levels.

You collected 110 gold pieces.

Inventory:

Hand Weapons
 g - a +0 whip (weapon)
   (You took it off a kobold on level 1 of the Dungeon)
 l - a +0 quarterstaff
   (You found it on level 3 of the Dungeon)
Missiles
 e - 2 poisoned darts
 s - 100 stones
Armour
 a - a +0 robe (worn)
 d - a +0 helmet (worn)
   (You found it on level 1 of the Dungeon)
 h - a +0 kite shield
   (You found it on level 2 of the Dungeon)
 i - an orb of mayhem
   (You found it on level 1 of the Dungeon)
 m - a +0 ring mail
   (You found it on level 3 of the Dungeon)
Jewellery
 b - a +6 ring of strength (left hand)
   (You found it on level 1 of the Dungeon)
 k - a ring of flight (right hand) {+Fly, !d}
   (You found it on level 1 of the Dungeon)
Wands
 j - a wand of polymorph (10)
   (You took it off Ijyb on level 4 of the Dungeon)
Scrolls
 E - a scroll of fear
 Y - a scroll of teleportation {@r3}
Potions
 c - a potion of degeneration {unknown}
 f - a potion of flight {unknown}
 n - 2 potions of resistance {unknown}
 o - a potion of lignification {unknown}
 p - a potion of mutation {unknown}
 J - a potion of curing {@q1}
 M - a potion of magic


   Skills:
 - Level 1.7 Dodging
 - Level 1.7 Stealth
 - Level 1.7 Spellcasting
 + Level 6.1 Ice Magic


You had 3 spell levels left.
You knew the following spells:

 Your Spells              Type           Power      Damage    Failure   Level
a - Freeze                Ice            100%       1d11      1%          1
b - Frozen Ramparts       Ice            54%        1d7       3%          3

Your spell library contained the following spells:

 Spells                   Type           Power      Damage    Failure   Level
 Ozocubu's Armour         Ice            27%        N/A       3%          3
 Corpse Rot               Necr/Air       2%         N/A       22%         2
 Poisonous Vapours        Pois/Air       2%         N/A       22%         2
 Hailstorm                Conj/Ice       14%        3d5       38%         4


Dungeon Overview and Level Annotations

Branches:
Dungeon (4/15)
 Temple: D:4-7

Shops:
D:1 *


Innate Abilities, Weirdness & Mutations

You have an increased reservoir of magic. (+10% MP)
You shall have no god before yourself.
Your divine heritage dramatically boosts your attributes as you level up.


Message History

Here: Ijyb, wielding a +0 club, wearing a +0 leather armour and carrying a wand of polymorph (10)
The floor.
Unknown command.
There is a stone staircase leading up here.
Ijyb barely misses you.
Aim: Ijyb, wielding a +0 club, wearing a +0 leather armour and carrying a wand of polymorph (10)
You freeze Ijyb! Ijyb hits you with a +0 club.
You take 5 damage, and have 28/33 hp.
You now have 8/9 mp.
Aim: Ijyb, wielding a +0 club, wearing a +0 leather armour and carrying a wand of polymorph (10) (heavily wounded)
You freeze Ijyb! Ijyb screams, "Me kill you!" Ijyb hits you with a +0 club.
You take 3 damage, and have 25/33 hp.
You now have 7/9 mp.
Aim: Ijyb, wielding a +0 club, wearing a +0 leather armour and carrying a wand of polymorph (10) (almost dead)
You freeze Ijyb.
You kill Ijyb!
Your Ice Magic skill increases to level 6!
You have reached level 5!
You regained 4 hp, and now have 29/38 hp.
You now have 6/10 mp.
j - a wand of polymorph (10);
o - a sedimented green potion
Things that are here:
a +0 club; a +0 leather armour You start resting.
An ogre comes into view. It is wielding a +0 giant spiked club.
You regained 2 hp, and now have 31/38 hp.
You regained 2 mp, and now have 8/10 mp.
p - a silvery potion
There is a stone staircase leading up here.
You fly upwards.
There is a stone staircase leading down here.
You start resting.
Health restored: 38; MP restored: 10 You see here a +0 dagger.
Things that are here:
a +0 whip; a +0 robe; a +0 dagger
Things that are here:
a +0 whip; a +0 robe; a +0 dagger
There is a stone staircase leading down here.
You fly downwards.
There is a stone staircase leading up here.
A ball python comes into view.
The giant cockroach closely misses you.
You hit the giant cockroach but do no damage.
The giant cockroach bites you. The giant cockroach barely misses you.
You take 1 damage, and have 37/38 hp.
You hit the giant cockroach. The giant cockroach bites you.
You take 1 damage, and have 36/38 hp.
You completely miss the giant cockroach.
The ball python hisses angrily.
The giant cockroach barely misses you.
You hit the giant cockroach.
You kill the giant cockroach!
The ball python bites you but does no damage.
The ball python misses you.
You hit the ball python. The ball python barely misses you.
The ball python closely misses you. x2; The ball python barely misses you.
You hit the ball python.
You kill the ball python!
No target in view!
No target in view!
A hobgoblin comes into view.
Found a stone staircase leading down.
Health restored: 38 The hobgoblin barely misses you.
Aim: a hobgoblin You freeze the hobgoblin.
The hobgoblin hits you but does no damage.
You now have 9/10 mp.
Aim: a hobgoblin (moderately wounded)
You freeze the hobgoblin.
You kill the hobgoblin!
You now have 8/10 mp.
A black bear comes into view.
MP restored: 10 A goblin comes into view.
It is wielding a +0 dagger.
An ogre comes into view. It is wielding a +0 giant club.
The goblin shouts!
The ogre shouts!
You hear a shout!
The walls around you are covered in ice.
You now have 7/10 mp.
The wall freezes the goblin.
You hit the goblin.
You kill the goblin!
The wall freezes the ogre.
You hit the ogre but do no damage.
The wall freezes the ogre.
The ogre hits you with a +0 giant club!!
Ouch! That really hurt!
You take 21 damage, and have 17/38 hp.
MASSIVE DAMAGE!!
You hit the ogre.
Aim: an ogre, wielding a +0 giant club (moderately wounded)
You freeze the ogre.
The wall freezes the ogre.
The ogre closely misses you.
Aim: an ogre, wielding a +0 giant club (moderately wounded)
You freeze the ogre.
The wall freezes the ogre.
The ogre hits you with a +0 giant club!!
Ouch! That really hurt!
You die...

#### ##..###### ##
####.....#..##
#.###...#.....#..##
##........#....#...#
#...................
#.....###..#........
###@..###.##...##...
#.O###........##..
##........#...#...
###................
##........>......... ####
#...................
#..###.......#...#.......
#...#............#.......
#................#.......


You could see an ogre.

Vanquished Creatures
  Ijyb (D:4)
  An orc wizard (D:3)
  Robin (D:2)
  3 adders
  A worm (D:2)
  A dart slug (D:3)
  4 orcs (D:3)
  10 bats
  10 endoplasms
  2 giant cockroaches
  11 hobgoblins
  5 jackals
  2 kobolds
  2 quokkas
  7 ball pythons
  2 frilled lizards
  9 goblins
  10 rats
82 creatures vanquished.

Vanquished Creatures (collateral kills)
  2 hobgoblins (D:2)
2 creatures vanquished.

Grand Total: 84 creatures vanquished

Notes
Turn   | Place    | Note
-------+----------+-------------------------------------------
     0 | D:1      | sokol815 the Demigod Ice Elementalist began the quest for
                  | the Orb.
     0 | D:1      | Reached XP level 1. HP: 14/14 MP: 5/5
   350 | D:1      | Reached skill level 4 in Ice Magic
   488 | D:1      | Found Cefuw's Assorted Antiques.
   557 | D:1      | Reached XP level 2. HP: 20/20 MP: 5/7
  1731 | D:2      | Reached XP level 3. HP: 26/26 MP: 8/8
  1926 | D:2      | Noticed Robin
  2415 | D:2      | Learned a level 3 spell: Frozen Ramparts
  2546 | D:2      | Reached skill level 5 in Ice Magic
  2685 | D:2      | Killed Robin
  2723 | D:2      | Reached XP level 4. HP: 26/33 MP: 0/9
  4180 | D:4      | Noticed Ijyb
  4187 | D:4      | Killed Ijyb
  4188 | D:4      | Reached skill level 6 in Ice Magic
  4188 | D:4      | Reached XP level 5. HP: 29/38 MP: 6/10
  4207 | D:4      | Noticed an ogre
  4393 | D:4      | Noticed a black bear
  4405 | D:4      | Noticed an ogre
  4421 | D:4      | Mangled by an ogre

Illustrated notes

Levels and vault maps discovered:
D:1:      dpeg_arrival_snail, layout_loops_corners, serial_shops,
          nicolae_shop_trees, ebering_ecumenical_altar_mist, minmay_hexomino_p4
D:2:      layout_basic, uniq_robin
D:3:      layout_loops_cross
D:4:      layout_cave_pools, corexii_hall_statues_t, uniq_edmund, uniq_ijyb

Skill      XL: |  1  2  3  4 |
---------------+-------------+-----
Ice Magic      | 4 5 6 |  6.1
Dodging        | |  1.7
Stealth        | |  1.7
Spellcasting   | |  1.7

Action                   |  1- 3 |  4- 6 || total
-------------------------+-------+-------++-------
Melee: Unarmed           |     7 |       ||     7
       Whip              |    24 |    33 ||    57
       Punch             |       |     1 ||     1
 Cast: Freeze            |    67 |    30 ||    97
       Frozen Ramparts   |     1 |     2 ||     3
  Use: Scroll            |     5 |       ||     5
 Stab: Sleeping          |     4 |       ||     4
       Distracted        |       |     1 ||     1
Armor: Robe              |    20 |    13 ||    33
Dodge: Dodged            |    46 |    36 ||    82

Table legend: (Time is in decaauts)
 A = Elapsed time spent in this place.
 B = Non-inter-level travel time spent in this place.
 C = Inter-level travel time spent in this place.
 D = Time resting spent in this place.
 E = Time spent auto-exploring this place.
 F = Levels seen in this place.
 G = Mean time per level.
                   A        B        C        D        E       F      G
               +--------+--------+--------+--------+--------+-----+--------+
         Total |   4427 |   4278 |    149 |   1591 |   2099 |   4 | 1106.8 |
       Dungeon |   4427 |   4278 |    149 |   1591 |   2099 |   4 | 1106.8 |
               +--------+--------+--------+--------+--------+-----+--------+

Top non-repeatable levels by time:
     D:1: 1810 daAuts
     D:2: 1359 daAuts
     D:3: 1126 daAuts
     D:4: 130 daAuts

Table legend:
 A = Kills in this place as a percentage of kills in entire the game.
 B = Kills by you in this place as a percentage of kills by you in the entire game.
 C = Kills by friends in this place as a percentage of kills by friends in the entire game.
 D = Other kills in this place as a percentage of other kills in the entire game.
 E = Experience gained in this place as a percentage of experience gained in the entire game.
 F = Experience gained in this place divided by the number of levels of this place that you have seen.
                   A       B       C       D       E      F
               +-------+-------+-------+-------+-------+----------------------
         Total | 100.0 | 100.0 | 100.0 |   N/A | 100.0 |  67.2
       Dungeon | 100.0 | 100.0 | 100.0 |   N/A | 100.0 |  67.2
               +-------+-------+-------+-------+-------+----------------------
